General information
- name: BNet
- type: Ladder 1vs1/FFA
- host: Battle.net
- saver: sc2no.wc4yes
map: LostTemple
- players: 2
- length: 04:34
- speed: Fast
- version: 1.26 W3XP
- replay type: Public
» download(16 KB)
Players
team 1 (winner)

»
sc2no.wc4yes (
pink | 84 APM | 383 actions | 04:34)
1 Crypt Lord
1 Carrion Beetles
» actions
| Assign group hotkey | 35 | |
| Basic commands | 21 | |
| Build / train | 13 | |
| Enter build submenu | 15 | |
| Enter hero's abilities submenu | 1 | |
| Give item / drop item | 1 | |
| Right click | 133 | |
| Select / deselect | 43 | |
| Select group hotkey | 108 | |
| Use ability | 13 | |
383 total
» units
| Acolyte | 3 | |
| Ghoul | 2 | |
| Crypt Fiend | 4 | |
9 total
» buildings
| Graveyard | 2 | |
| Crypt | 1 | |
| Altar of Darkness | 1 | |
| Ziggurat | 5 | |
| Tomb of Relics | 1 | |
10 total
» build order
00:12 Graveyard
00:14 Graveyard
00:16 Crypt
00:43 Altar of Darkness
00:59 Ziggurat
01:31 Tomb of Relics
02:10 Ziggurat
03:28 Ziggurat
03:30 Ziggurat
04:05 Ziggurat
» items
| Rod of Necromancy | 1 | |
| Sacrificial Skull | 1 | |
2 total
team 2 (loser)
iffets (
orange | 151 APM | 688 actions | 04:33)
2 Archmage
1 Summon Water Elemental
1 Brilliance Aura
» actions
| Assign group hotkey | 11 | |
| Build / train | 24 | |
| Enter build submenu | 7 | |
| Enter hero's abilities submenu | 2 | |
| Right click | 257 | |
| Select / deselect | 54 | |
| Select group hotkey | 319 | |
| Use ability | 14 | |
688 total
» units
» upgrades
» buildings
| Altar of Kings | 1 | |
| Barracks | 1 | |
| Farm | 3 | |
| Scout Tower | 1 | |
| Arcane Tower | 1 | |
| Keep | 1 | |
| Arcane Vault | 1 | |
9 total
» build order
00:05 Altar of Kings
00:18 Barracks
00:21 Farm
00:53 Farm
01:27 Scout Tower
01:50 Farm
02:06 Arcane Tower
03:44 Keep
04:14 Arcane Vault
Chat log
(00:18 / All) sc2no.wc4yes: sup granny
(00:23 / All) sc2no.wc4yes: u gonna play this one?
(00:47 / All) sc2no.wc4yes: i see
(00:50 / All) sc2no.wc4yes: gonna let your mouse do the talking